AoeStats
← BIG BUDDHA9396

Pilgrims

507863996Analyzed
2v2 RM · 13d ago on Sep 20, 2026· 48m 2s· 4 players
Game mode
Random Map
Map size
Medium (4 player)
Population
200
Speed
Normal
Resources
Standard
Victory
Conquest
Starting age
Dark Age
Ending age
Imperial Age
RankedLock teamsTeams togetherTeam positionsShared explorationLock speedFull tech treeHidden civsTurbo modeCheats
Victory
Defeat
🇨🇱 Vikings · Chile
654
+15
654
+15
🇬🇧 Mapuche · United Kingdom
638
-15
🇺🇸 Dravidians · United States
633
-15
BIG BUDDHA9396
8:31 Loom
12:33 Feudal Age
13:38 Double-Bit Axe
13:36 Horse Collar
14:46 Arson
14:23 Champi Runner
18:12 Wheelbarrow
19:31 Town Watch
20:01 Gold Mining
22:11 Scale Mail Armor
22:21 Forging
22:03 Fletching
22:14 Padded Archer Armor
29:20 Castle Age
27:22 Fishing Lines
28:41 Stone Mining
30:56 Iron Casting
31:34 Pikeman
31:38 Champi Warrior
33:13 Bow Saw
33:04 Heavy Plow
33:12 Heavy Plow
35:54 Bodkin Arrow
37:35 Ballistics
38:47 Stone Shaft Mining
38:57 Leather Archer Armor
39:00 Chain Mail Armor
39:02 Leather Archer Armor
41:03 Gold Shaft Mining
39:51 Elite Skirmisher
41:06 Murder Holes
40:54 Treadmill Crane
42:36 Gillnets
45:04 Medium Warships
48:01 Imperial Age
47:21 Fervor
47:32 Sanctity
47:30 Malon
Babymunch x
7:20 Feudal Age
6:21 Loom
11:45 Double-Bit Axe
13:49 Man-at-Arms
17:56 Fishing Lines
21:48 Forging
21:39 Scale Mail Armor
22:33 Arson
27:28 Castle Age
28:04 Gillnets
31:44 Fletching
31:54 Padded Archer Armor
33:20 Scale Barding Armor
35:58 Iron Casting
35:19 Bodkin Arrow
34:57 Crossbowman
38:02 Medium Warships
43:49 Long Swordsman
44:14 Gambesons
46:29 Chain Mail Armor
46:31 Leather Archer Armor
PEPACHORIPAN
12:10 Feudal Age
13:03 Loom
19:42 Castle Age
17:44 Double-Bit Axe
18:03 Fishing Lines
22:39 Gillnets
24:28 Gambesons
24:46 Squires
24:11 Man-at-Arms
25:07 Forging
24:58 Scale Mail Armor
28:41 Long Swordsman
29:14 Pikeman
38:01 Chieftains
45:23 Imperial Age
43:00 Gold Mining
43:02 Stone Mining
45:26 Arson
46:14 Bogsveigar
45:38 Two-Handed Swordsman
47:06 Padded Archer Armor
46:56 Fletching
alejandrobecerracabello
9:54 Feudal Age
11:52 Double-Bit Axe
16:38 Fishing Lines
17:31 Loom
21:37 Castle Age
20:55 Fletching
22:09 Padded Archer Armor
22:36 Bow Saw
23:43 Bodkin Arrow
25:40 Leather Archer Armor
30:14 Crossbowman
32:08 Thumb Ring
32:58 Pikeman
36:27 Squires
36:26 Elite Skirmisher
39:59 Scale Mail Armor
40:09 Forging
40:16 Arson
40:40 Gold Mining
40:40 Stone Mining
43:55 Imperial Age
43:25 Iron Casting
43:06 Chain Mail Armor
Connection lost

Rejoining the realm…

Still unreachable

The connection could not be restored.

Session expired

The server has moved on; the page needs a fresh start.